 Dungeon Crawl Stone Soup version 0.29.1-1-gd02db69 (webtiles) character file.

Game seed: 3777639104520630589

3124 cannibality the Severer (level 9, -5/70 HPs)
             Began as a Minotaur Fighter on Jan 19, 2023.
             Was a Follower of Okawaru.
             Splashed by a jelly's acid (12 damage)
             ... on level 8 of the Dungeon.
             The game lasted 00:14:29 (8644 turns).

cannibality the Severer (Minotaur Fighter)          Turns: 8644, Time: 00:14:30

Health: -5/70      AC:  8    Str: 24    XL:     9   Next: 61%
Magic:  8/8        EV:  9    Int:  5    God:    Okawaru [*.....]
Gold:   563        SH:  0    Dex: 11    Spells: 8/8 levels left

rFire   . . .      SeeInvis .   k - +0 battleaxe
rCold   . . .      Faith    .   (shield currently unavailable)
rNeg    . . .      Spirit   .   b - +0 scale mail
rPois   .          Reflect  .   (helmet restricted)
rElec   .          Harm     .   (no cloak)
rCorr   .          Rampage  .   (no gloves)
Will    .....                   h - +0 pair of boots
Stlth   ..........              p - amulet of the acrobat
HPRegen 0.21/turn               x - +4 ring of protection
MPRegen 0.11/turn               (no ring)

@: mighty, corroded
A: horns 2, retaliatory headbutt
a: Renounce Religion, Heroism


You were on level 8 of the Dungeon.
You worshipped Okawaru.
Okawaru was aware of your devotion.
You visited 2 branches of the dungeon, and saw 9 of its levels.

You collected 563 gold pieces.

Inventory:

Hand Weapons
 k - a +0 battleaxe (weapon)
 u - a +0 flail of draining
Missiles
 a - a throwing net (quivered)
Armour
 b - a +0 scale mail (worn)
 h - a +0 pair of boots (worn)
Jewellery
 o - a ring of fire
 p - an amulet of the acrobat (around neck)
 v - a ring of flight
 x - a +4 ring of protection (left hand)
Wands
 m - a wand of polymorph (19)
Scrolls
 c - a scroll of magic mapping {unknown}
 e - 7 scrolls of teleportation
 g - 2 scrolls of vulnerability {unknown}
 i - a scroll of immolation
 l - 2 scrolls of silence {unknown}
 q - a scroll of brand weapon {unknown}
 r - a scroll of noise
 w - a scroll of fear
 y - a scroll of identify
Potions
 d - a potion of might
 f - 2 potions of flight
 j - 2 potions of curing
 n - 2 potions of resistance {unknown}
 s - 2 potions of lignification
 t - a potion of invisibility


   Skills:
 - Level 3.6 Fighting
 * Level 15.9 Axes
 - Level 3.6 Armour
 - Level 3.6 Shields


You had 8 spell levels left.
You didn't know any spells.
Your spell library contained the following spells:

 Spells                   Type           Power      Damage    Failure   Level
 Sting                    Tmut/Pois      0%         1d3       77%         1
 Poisonous Vapours        Pois/Air       0%         N/A       88%         2
 Corpse Rot               Necr/Pois/Air  0%         N/A       100%        4
 Olgreb's Toxic Radiance  Pois           0%         N/A       100%        4
 Ozocubu's Refrigeration  Ice            0%         4d7       100%        7
 Ignition                 Fire           0%         3d3       100%        8


Dungeon Overview and Level Annotations

Branches:
Dungeon (8/15)             Temple (1/1) D:7
   Lair: D:8-11

Altars:
Ashenzari
Cheibriados
Dithmenos
Elyvilon
Gozag
Hepliaklqana
Makhleb
Nemelex Xobeh
Okawaru
Qazlal
Ru
Uskayaw
Vehumet
Wu Jian
Xom
Yredelemnul
Zin
The Shining One

Annotations:
Temple 2 transporters


Innate Abilities, Weirdness & Mutations

You have a pair of horns on your head.
You reflexively headbutt those who attack you in melee.


Message History

You slice the wyvern!! Your headbutt misses the wyvern.
The wyvern is severely wounded.
The wyvern bites you but does no damage.
The wyvern bites you!
You hit the wyvern but do no damage.
The wyvern is severely wounded.
The wyvern bites you!
You hit the wyvern but do no damage.
The wyvern is severely wounded.
You slash the jelly!
Your hands burn!
The wyvern bites you. The jelly hits you.
You are splashed with acid!
You are too injured to fight recklessly!
You are too injured to fight recklessly!
You are too injured to fight recklessly!
You hit the wyvern. Your headbutt misses the wyvern.
The wyvern is severely wounded.
You hit the jelly but do no damage. The acid corrodes you!
Your hands burn!
The wyvern bites you!
* * * LOW HITPOINT WARNING * * *
The jelly hits you but does no damage.
A black bear comes into view.
The wyvern bites you.
* * * LOW HITPOINT WARNING * * *
You feel better.
The black bear growls angrily.
The wyvern bites you!
* * * LOW HITPOINT WARNING * * *
The jelly closely misses you.
You feel very mighty all of a sudden. The wyvern barely misses you.
The jelly barely misses you.
The wyvern bites you but does no damage.
You barely miss the wyvern. You headbutt the wyvern!
You kill the wyvern!
Okawaru accepts your kill.
You hit the jelly.
Your hands burn!
* * * LOW HITPOINT WARNING * * *
The jelly hits you.
* * * LOW HITPOINT WARNING * * *
You are splashed with acid!
You die...

#.#.##.(......#.......#
#. ####...####.######
##### #.# ##.#######
##........#
###.........#
##..P.P.P......
####..........P.#.
#?...?@....P.P..#
.>....†J.....P.P...
.#.......####.P..$.
#.......# ......
#....Ph.# ..P..
#.......# .. #.....P..
#.......P


You could see a black bear and a jelly.

Vanquished Creatures
  Grinder (D:3)
  Sigmund (D:2)
  A yak (D:8)
  A wyvern (D:8)
  A water moccasin (D:6)
  An orc warrior (D:6)
  An ice beast (D:7)
  4 sky beasts
  2 phantoms
  2 kobold brigands
  4 scorpions
  2 necrophages (D:4)
  8 wights
  2 howler monkeys
  6 hounds
  A jelly (D:6)
  2 orc priests (D:7)
  Jessica (D:3)
  3 iguanas
  Terence (D:2)
  Natasha (thrice) (D:3)
  An orc wizard (D:6)
  8 gnolls
  14 adders
  2 shadow imps
  2 white imps
  An ufetubus (D:5)
  2 worms
  3 dart slugs
  12 orcs
  13 ball pythons
  8 bats
  3 endoplasms
  4 giant cockroaches
  7 goblins
  7 hobgoblins
  4 jackals (D:4)
  3 quokkas
  2 frilled lizards
  18 kobolds
  3 rats
165 creatures vanquished.

Vanquished Creatures (others)
  18 fungi
  9 plants (D:8)
  3 toadstools (D:1)
30 creatures vanquished.

Grand Total: 195 creatures vanquished

Notes
Turn   | Place    | Note
-------+----------+-------------------------------------------
     0 | D:1      | cannibality the Minotaur Fighter began the quest for the
                  | Orb.
     0 | D:1      | Reached XP level 1. HP: 19/19 MP: 0/0
   172 | D:1      | Reached skill level 3 in Axes
   203 | D:1      | Reached XP level 2. HP: 21/26 MP: 1/1
   782 | D:1      | Found a faded altar of an unknown god.
   800 | D:1      | Reached skill level 4 in Axes
   929 | D:1      | Reached XP level 3. HP: 31/31 MP: 2/2
  1332 | D:2      | Noticed Sigmund
  1513 | D:3      | Reached skill level 5 in Axes
  1575 | D:3      | Noticed Natasha
  1586 | D:3      | Killed Natasha
  1587 | D:3      | Reached XP level 4. HP: 25/39 MP: 3/3
  1639 | D:3      | Noticed Natasha
  1646 | D:3      | Killed Natasha
  1769 | D:3      | Noticed Grinder
  1776 | D:3      | Paralysed by Grinder for 2 turns
  1780 | D:3      | Reached skill level 6 in Axes
  1786 | D:3      | Killed Grinder
  1787 | D:3      | Reached skill level 7 in Axes
  1787 | D:3      | Reached XP level 5. HP: 39/45 MP: 4/4
  1787 | D:3      | Reached XP level 6. HP: 44/51 MP: 5/5
  1883 | D:3      | Noticed Natasha
  1890 | D:3      | Killed Natasha
  1891 | D:3      | Reached skill level 8 in Axes
  2104 | D:3      | Noticed Jessica
  2108 | D:3      | Killed Jessica
  2698 | D:4      | Reached skill level 9 in Axes
  2998 | D:4      | Reached XP level 7. HP: 41/57 MP: 6/6
  3455 | D:5      | Entered Level 5 of the Dungeon
  3463 | D:5      | Reached skill level 10 in Axes
  3649 | D:5      | Reached skill level 11 in Axes
  3723 | D:5      | Found a sparkling altar of Nemelex Xobeh.
  4021 | D:6      | Reached XP level 8. HP: 48/64 MP: 7/7
  4155 | D:6      | Reached skill level 12 in Axes
  4175 | D:6      | HP: 1/64 [orc warrior/+0 scimitar (19)]
  4181 | D:6      | HP: 2/64 [orc warrior/+0 scimitar (12)]
  4722 | D:6      | Identified the +4 spear of Mec Geopuwo {flame, rPois rF++
                  | Will- Int+3}
  5259 | D:6      | Reached skill level 13 in Axes
  6145 | D:7      | Reached skill level 14 in Axes
  6145 | D:7      | Reached XP level 9. HP: 54/70 MP: 8/8
  6235 | D:7      | Found a staircase to the Ecumenical Temple.
  6296 | Temple   | Entered the Ecumenical Temple
  6296 | Temple   | Found a transporter.
  6296 | Temple   | Found a transporter.
  6298 | Temple   | Found a transporter.
  6298 | Temple   | Found a transporter.
  6320 | Temple   | Became a worshipper of Warmaster Okawaru
  7102 | D:2      | Noticed Terence
  7108 | D:2      | Killed Terence
  7979 | D:2      | Killed Sigmund
  8089 | D:8      | Reached skill level 15 in Axes
  8167 | D:8      | Reached * piety under Okawaru
  8498 | D:8      | Found a shimmering altar of Xom.
  8644 | D:8      | Splashed by a jelly's acid

Illustrated notes

Levels and vault maps discovered:
D:1:      dpeg_arrival_subterranean_lakeside_camping, layout_loops_corners,
          basic_ecumenical_altar, minmay_gold_behind_fungi, minmay_misc_feat_chi
D:2:      layout_loops_ring, feat_on_display, uniq_terence, uniq_sigmund
D:3:      layout_basic, minmay_snake_closets, uniq_natasha, uniq_jessica,
          uniq_grinder
D:4:      layout_rooms
D:5:      layout_basic, mainiacjoe_overflow_six_doors_small
D:6:      layout_loops_corners, nrook_mini_vaults
D:7:      layout_loops_ring, temple_doors_cd
D:8:      lemuel_ice_spiral_2, layout_basic,
          mainiacjoe_overflow_small_starburst, grunt_lair_entry_orc_guard_hut,
          kennysheep_nub
Temple:   hellmonk_temple_divided_pantheon

Skill      XL: |  1  2  3  4  5  6  7  8  9 |
---------------+----------------------------+-----
Axes           | 3 4 5 7 9 11 14 15 | 15.9
Fighting       | |  3.6
Armour         | |  3.6
Shields        | |  3.6

Action                   |  1- 3 |  4- 6 |  7- 9 || total
-------------------------+-------+-------+-------++-------
Melee: War axe           |    89 |    87 |   253 ||   429
       Headbutt          |     5 |    13 |    53 ||    71
       Battleaxe         |       |       |    35 ||    35
  Use: Scroll            |     1 |     2 |     8 ||    11
       Potion            |       |       |     6 ||     6
Armor: Scale mail        |    46 |    35 |    72 ||   153
Dodge: Dodged            |    47 |    40 |   120 ||   207
Block: Buckler           |    18 |    22 |    44 ||    84
